 Dungeon Crawl Stone Soup version 0.22-a0-782-g038298e (webtiles) character file.

280 mopl the Vexing (level 6, -1/47 HPs)
             Began as a Gnoll Arcane Marksman on July 20, 2018.
             Slain by a big kobold
             ... wielding a +0 club
              (5 damage)
             ... on level 3 of the Dungeon.
             The game lasted 00:05:16 (3388 turns).

mopl the Vexing (Gnoll Arcane Marksman)             Turns: 3388, Time: 00:05:17

Health: -1/47      AC:  4    Str: 12    XL:     6   Next: 27%
Magic:  11/11      EV: 15    Int: 15    God:
Gold:   146        SH:  0    Dex: 18    Spells: 10/11 levels left

rFire    . . .     SeeInvis +   b - +0 spear
rCold    . . .     Gourm    .   (no shield)
rNeg     . . .     Faith    .   e - +0 robe
rPois    .         Spirit   .   r - +0 helmet
rElec    .         Reflect  .   (no cloak)
rCorr    .         Harm     .   i - +0 pair of gloves
MR       .....                  (no boots)
Stlth    ++........             (no amulet)
HPRegen  0.15/turn              c - ring of see invisible (curse)
MPRegen  0.12/turn              (no ring)

@: starving
A: distributed training, fangs 1, strong nose
a: no special abilities


You were on level 3 of the Dungeon.
You were starving.

You visited 1 branch of the dungeon, and saw 3 of its levels.

You collected 146 gold pieces.

Inventory:

Hand Weapons
 a - a +0 shortbow
 b - a +0 spear (weapon)
Missiles
 k - 35 stones (quivered)
Armour
 e - a +0 robe (worn)
 i - a +0 pair of gloves (worn)
 r - a +0 helmet (worn)
Jewellery
 c - a cursed ring of see invisible (left hand)
Scrolls
 h - 4 scrolls of identify {unknown}
 j - 2 scrolls of teleportation {unknown}
 l - 2 scrolls of remove curse {unknown}
 m - a scroll of immolation {unknown}
 p - a scroll of random uselessness {unknown}
 t - a scroll of magic mapping {unknown}
Potions
 n - a potion of might {unknown}
 o - a potion of heal wounds
 q - a potion of lignification {unknown}
 s - a potion of curing
Comestibles
 f - a ration


   Skills:
 + Level 3.2 Fighting
 + Level 1.8 Short Blades
 + Level 1.8 Long Blades
 + Level 1.8 Axes
 + Level 1.8 Maces & Flails
 + Level 1.8 Polearms
 + Level 1.8 Staves
 + Level 1.8 Slings
 + Level 4.9 Bows
 + Level 1.8 Crossbows
 + Level 1.8 Throwing
 + Level 1.8 Armour
 + Level 4.9 Dodging
 + Level 1.8 Stealth
 + Level 1.8 Shields
 + Level 1.8 Unarmed Combat
 + Level 3.3 Spellcasting
 + Level 1.4 Conjurations
 + Level 5.6 Hexes
 + Level 1.4 Charms
 + Level 1.4 Summonings
 + Level 1.4 Necromancy
 + Level 1.4 Translocations
 + Level 1.4 Transmutations
 + Level 1.4 Fire Magic
 + Level 1.4 Ice Magic
 + Level 1.4 Air Magic
 + Level 1.4 Earth Magic
 + Level 1.4 Poison Magic
 + Level 2.0 Invocations
 + Level 1.8 Evocations


You had 10 spell levels left.
You knew the following spells:

 Your Spells              Type           Power        Failure   Level  Hunger
a - Corona                Hex            ###....      1%          1    None

Your spell library contained the following spells:

 Spells                   Type           Power        Failure   Level  Hunger
 Cause Fear               Hex            ###.......   19%         4    ####...
 Slow                     Hex            ###.....     2%          2    ##.....
 Portal Projectile        Hex/Tloc       ##....       14%         3    ###....
 Leda's Liquefaction      Hex/Erth       ##........   41%         4    ####...
 Inner Flame              Hex/Fire       ##......     14%         3    ###....


Dungeon Overview and Level Annotations

Branches:
Dungeon (3/15)

Altars:
Fedhas


Innate Abilities, Weirdness & Mutations

Your experience applies equally to all skills.
You have very sharp teeth.
Your uncanny sense of smell can sniff out nearby items.


Message History

You barely miss the big kobold. Your bite misses the big kobold.
The big kobold is almost dead.
The big kobold hits you but does no damage.
You closely miss the big kobold. Your bite misses the big kobold.
The big kobold is almost dead.
The big kobold completely misses you.
You closely miss the big kobold.
The big kobold is almost dead.
The big kobold completely misses you.
You hit the big kobold but do no damage.
The big kobold is almost dead.
The big kobold hits you with a club.
* * * LOW HITPOINT WARNING * * *
You barely miss the big kobold. Your bite misses the big kobold.
The big kobold is almost dead.
The big kobold hits you but does no damage.
You closely miss the big kobold. Your bite misses the big kobold.
The big kobold is almost dead.
The big kobold hits you with a club.
You die...

.#......))........###.≈≈≈≈#..#.#.
........###....##.# #.≈≈≈##..#.#.
........# #....##.# #.≈≈≈# #.#.
........# #######.# #..≈## #.#.
........# #.# ##.≈# #.#.
........# #####.# #..# #.#.
#####.### #.....# ##.#∆∆ #.#< #.#
#.....# #.#∆∆ #.##
#.#######...@.# #.## #...
#####..........K..# ##..## ####
..............(...# #....#######
######.......(..#.# #....##.....
# #............# #.....#.#### #
#..........### ###.#.#.# #
#.......... #...#.# # #...(......
##..#.# # ###+##### #.>#.#


You could see a big kobold.

Vanquished Creatures
  A big kobold (D:3)
  A scorpion (D:3)
  Jessica (D:3)
  Terence (D:3)
  Robin (D:3)
  3 adders (D:2)
  2 oozes (D:1)
  4 dart slugs
  3 leopard geckos
  A giant cockroach (D:1)
  11 goblins
  9 hobgoblins
  6 bats
  4 frilled lizards
  7 kobolds
  7 rats
62 creatures vanquished.

Notes
Turn   | Place    | Note
-------+----------+-------------------------------------------
     0 | D:1      | mopl the Gnoll Arcane Marksman began the quest for the Orb.
     0 | D:1      | Reached XP level 1. HP: 17/17 MP: 4/4
    27 | D:1      | Reached XP level 2. HP: 23/23 MP: 5/5
   611 | D:1      | Reached XP level 3. HP: 27/28 MP: 7/7
  1030 | D:1      | Reached skill level 1 in Invocations
  1238 | D:2      | Reached skill level 1 in Short Blades
  1238 | D:2      | Reached skill level 1 in Long Blades
  1238 | D:2      | Reached skill level 1 in Axes
  1238 | D:2      | Reached skill level 1 in Maces & Flails
  1238 | D:2      | Reached skill level 1 in Polearms
  1238 | D:2      | Reached skill level 1 in Staves
  1238 | D:2      | Reached skill level 1 in Slings
  1238 | D:2      | Reached skill level 1 in Crossbows
  1238 | D:2      | Reached skill level 1 in Throwing
  1238 | D:2      | Reached skill level 1 in Armour
  1238 | D:2      | Reached skill level 1 in Stealth
  1238 | D:2      | Reached skill level 1 in Shields
  1238 | D:2      | Reached skill level 1 in Unarmed Combat
  1238 | D:2      | Reached skill level 1 in Evocations
  1352 | D:2      | Reached XP level 4. HP: 31/34 MP: 6/8
  1551 | D:2      | Reached skill level 3 in Spellcasting
  1627 | D:2      | Found a blossoming altar of Fedhas.
  1804 | D:3      | Reached skill level 1 in Conjurations
  1804 | D:3      | Reached skill level 1 in Charms
  1804 | D:3      | Reached skill level 1 in Summonings
  1804 | D:3      | Reached skill level 1 in Necromancy
  1804 | D:3      | Reached skill level 1 in Translocations
  1804 | D:3      | Reached skill level 1 in Transmutations
  1804 | D:3      | Reached skill level 1 in Fire Magic
  1804 | D:3      | Reached skill level 1 in Ice Magic
  1804 | D:3      | Reached skill level 1 in Air Magic
  1804 | D:3      | Reached skill level 1 in Earth Magic
  1804 | D:3      | Reached skill level 1 in Poison Magic
  1804 | D:3      | Reached XP level 5. HP: 40/40 MP: 4/9
  1923 | D:3      | Noticed Jessica
  1929 | D:3      | Killed Jessica
  2011 | D:3      | Reached skill level 3 in Fighting
  2068 | D:3      | Noticed Robin
  2087 | D:3      | Killed Robin
  2234 | D:3      | Noticed Terence
  2283 | D:3      | Killed Terence
  2586 | D:3      | Noticed a big kobold
  2618 | D:3      | Killed a big kobold
  2618 | D:3      | Reached skill level 2 in Invocations
  2618 | D:3      | Reached XP level 6. HP: 12/47 MP: 8/11
  2873 | D:3      | HP: 2/47 [big kobold/club (2)]
  3388 | D:3      | Slain by a big kobold

Vault maps used:
D:1:      saegor_arrival_simple_e
D:2:      fedhas_altar_3
D:3:      cheibrodos_thug_alley, uniq_terence, uniq_robin, uniq_jessica

Skill      XL: |  1  2  3  4  5 |
---------------+----------------+-----
Invocations    | 1 2 |  2.0
Short Blades   | 1 |  1.8
Long Blades    | 1 |  1.8
Axes           | 1 |  1.8
Maces & Flails | 1 |  1.8
Polearms       | 1 |  1.8
Staves         | 1 |  1.8
Slings         | 1 |  1.8
Crossbows      | 1 |  1.8
Throwing       | 1 |  1.8
Armour         | 1 |  1.8
Stealth        | 1 |  1.8
Shields        | 1 |  1.8
Unarmed Combat | 1 |  1.8
Evocations     | 1 |  1.8
Spellcasting   | 3 |  3.3
Conjurations   | 1 |  1.4
Charms         | 1 |  1.4
Summonings     | 1 |  1.4
Necromancy     | 1 |  1.4
Translocations | 1 |  1.4
Transmutations | 1 |  1.4
Fire Magic     | 1 |  1.4
Ice Magic      | 1 |  1.4
Air Magic      | 1 |  1.4
Earth Magic    | 1 |  1.4
Poison Magic   | 1 |  1.4
Fighting       | 3 |  3.2
Bows           | |  4.9
Dodging        | |  4.9
Hexes          | |  5.6

Action                   |  1- 3 |  4- 6 || total
-------------------------+-------+-------++-------
Melee: Spear             |    98 |   175 ||   273
       Bite              |     5 |    20 ||    25
       Punch             |       |     1 ||     1
 Fire: Shortbow          |    40 |    69 ||   109
Throw: Stone             |       |     3 ||     3
 Cast: Corona            |     6 |    35 ||    41
  Use: Potion            |       |     1 ||     1
 Stab: Sleeping          |     5 |       ||     5
  Eat: Chunk             |     1 |     5 ||     6
Armor: Robe              |    23 |    27 ||    50
Dodge: Dodged            |    77 |   137 ||   214

Table legend:
 A = Spawn XP
 B = Non-spawn XP
 C = Spawn XP percentage of total XP
 D = Spawn monster count
 E = Non-spawn monster count
 F = Spawn count percentage of total count
 G = Total turns spent on level
                    A         B        C        D         E        F      G
               +---------+---------+-------+---------+---------+-------+---------
         Total |       0 |     400 |   0.0 |       0 |      62 |   0.0 |  3388
               +---------+---------+-------+---------+---------+-------+---------
           D:1 |       0 |      60 |   0.0 |       0 |      26 |   0.0 |  1157
           D:2 |       0 |      53 |   0.0 |       0 |      12 |   0.0 |   881
           D:3 |       0 |     287 |   0.0 |       0 |      24 |   0.0 |  1350
               +---------+---------+-------+---------+---------+-------+---------
